 Dungeon Crawl Stone Soup version 0.30-a0-40-gc6d0f036a7 (webtiles) character file.

Game seed: 8729497765478217936

6 ytrimaz the Insei (level 1, 0/19 HPs)
             Began as an Octopode Transmuter on Aug 29, 2022.
             Frozen to death by an endoplasm (3 damage)
             ... on level 1 of the Dungeon.
             The game lasted 00:00:10 (56 turns).

ytrimaz the Insei (Octopode Transmuter)               Turns: 56, Time: 00:00:11

Health: 0/19       AC: 20    Str:  9    XL:     1   Next: 90%
Magic:  3/3        EV:  2    Int: 15    God:
Gold:   14         SH:  0    Dex: 12    Spells: 3/4 levels left

rFire   . . .      SeeInvis .      - Unarmed
rCold   . . .      Faith    .    (no shield)
rNeg    . . .      Spirit   .    (helmet currently unavailable)
rPois   +          Reflect  .    (no amulet)
rElec   .          Harm     .    (no ring)
rCorr   .          Rampage  .    (no ring)
Will    .....      NoTele   +    (no ring)
Stlth   +.........               (no ring)
HPRegen 0.06/turn                (no ring)
MPRegen 0.08/turn                (no ring)
                                 (no ring)
                                 (no ring)

@: tree-form
A: stationary, stasis, torment immunity, boosted hp, almost no armour,
(amphibious), 8 rings, (camouflage 1), (gelatinous body 1), (nimble swimmer 1),
(tentacles)
a: no special abilities


You were on level 1 of the Dungeon.
You were a tree.
You visited 1 branch of the dungeon, and saw 1 of its levels.

You collected 14 gold pieces.

You aren't carrying anything.


   Skills:
 - Level 1.0 Fighting
 - Level 2.0 Dodging
 + Level 3.4 Unarmed Combat
 - Level 2.0 Spellcasting
 - Level 2.0 Transmutations


You had 3 spell levels left.
You knew the following spells:

 Your Spells              Type           Power      Damage    Failure   Level
a - Beastly Appendage     Tmut           14%        N/A       10%         1

Your spell library contained the following spells:

 Spells                   Type           Power      Damage    Failure   Level
 Wereblood                Tmut           7%         N/A       14%         2
 Spider Form              Tmut/Pois      4%         N/A       41%         3
 Ice Form                 Ice/Tmut       4%         N/A       82%         4


Dungeon Overview and Level Annotations

Branches:
Dungeon (1/15)

Altars:


Innate Abilities, Weirdness & Mutations

You are a tree.
Your roots penetrate the ground, keeping you stationary.
You cannot be teleported.
You are immune to unholy pain and torment.
Your maximum health is greatly increased.
You cannot wear most types of armour.
((You are amphibious.))
You can wear up to eight rings at the same time.
((Your skin changes colour to match your surroundings (Stealth+).))
((Your rubbery body absorbs attacks. (AC +1, EV +1)))
((You are camouflaged when in or above water. (Stealth+)))
((You have tentacles for arms and can constrict up to eight enemies at once.))


Message History

You are too injured to fight recklessly!
You tentacle-slap the jackal but do no damage.
You constrict the jackal.
The quokka twitches its whiskers.
The jackal barely misses you. The jackal closely misses you.
You are too injured to fight recklessly!
You tentacle-slap the jackal.
You pierce the jackal.
You kill the jackal!
The jackal bites you.
* * * LOW HITPOINT WARNING * * *
Unknown command.
You are too injured to fight recklessly!
You tentacle-slap the quokka. You grab the quokka.
The quokka is severely wounded.
You constrict the quokka. The jackal completely misses you.
The quokka barely misses you. The jackal closely misses you.
Unknown command.
Really quaff the potion of lignification?
Your tentacle spike disappears.
You turn into a tree.
Your roots penetrate the ground.
You lose your grip on the quokka.
The quokka bites you but does no damage.
The jackal completely misses you.
Unknown command.
You barely miss the quokka.
The quokka is almost dead.
The quokka bites you but does no damage.
The jackal bites you but does no damage.
The quokka barely misses you.
You hit the quokka.
You kill the quokka!
The jackal bites you but does no damage. x2
You are too injured to fight recklessly!
You are too injured to fight recklessly!
You hit the endoplasm.
The endoplasm is lightly wounded.
The jackal bites you but does no damage.
The endoplasm freezes you.
You are frozen.
You die...

#........ #........
#........ .........
#...... #r...
########.# #Jh#
#.....##.# #♣†#
.......#.# ##..#
.......#.# #..## .
.......#.# ##..# ..
.≈≈....#.#####...##...
.≈≈....#....##.........
........)........##....
#######..†..##..## ...
.........##..# .


You could see an endoplasm, a jackal and a rat.

Vanquished Creatures
  A hobgoblin (D:1)
  2 jackals (D:1)
  A quokka (D:1)
  A kobold (D:1)
5 creatures vanquished.

Notes
Turn   | Place    | Note
-------+----------+-------------------------------------------
     0 | D:1      | ytrimaz the Octopode Transmuter began the quest for the
                  | Orb.
     0 | D:1      | Reached XP level 1. HP: 13/13 MP: 3/3
    56 | D:1      | Frozen to death by an endoplasm

Illustrated notes

Levels and vault maps discovered:
D:1:      amcnicky_arrival_double_pillar, layout_rooms,
          hellmonk_ecumenical_altar_defaced_shrine

Action                   || total
-------------------------++-------
Melee: Unarmed           ||    12
       Constrict         ||     4
       Kick              ||     4
 Cast: Beastly Appendage ||     2
  Use: Potion            ||     1
Armor: Skin              ||     6
Dodge: Dodged            ||    17

Table legend: (Time is in decaauts)
 A = Elapsed time spent in this place.
 B = Non-inter-level travel time spent in this place.
 C = Inter-level travel time spent in this place.
 D = Time resting spent in this place.
 E = Time spent auto-exploring this place.
 F = Levels seen in this place.
 G = Mean time per level.
                   A        B        C        D        E       F      G
               +--------+--------+--------+--------+--------+-----+--------+
         Total |     55 |     55 |      0 |      0 |     27 |   1 |   55.0 |
       Dungeon |     55 |     55 |      0 |      0 |     27 |   1 |   55.0 |
               +--------+--------+--------+--------+--------+-----+--------+

Top non-repeatable levels by time:
     D:1: 55 daAuts
